 Dungeon Crawl Stone Soup version 0.20.0-15-g7f486f2 (webtiles) character file.

41885 Kosschaser the Unseen (level 14, -11/101 HPs)
             Began as a Merfolk Enchanter on June 9, 2017.
             Was the Champion of Dithmenos.
             Mangled by a spriggan rider
             ... wielding a +0 spear
              (12 damage)
             ... on level 6 of the Lair of Beasts on June 10, 2017.
             The game lasted 01:32:12 (20321 turns).

Kosschaser the Unseen (Merfolk Enchanter)          Turns: 20321, Time: 01:32:14

Health: -11/101    AC:  5    Str:  8    XL:     14   Next: 17%
Magic:  19/27      EV: 26    Int: 16    God:    Dithmenos [******]
Gold:   1063       SH:  6    Dex: 23    Spells: 18/31 levels left

rFire    . . .     SeeInvis .   T - +0 short sword (distort)
rCold    . . .     Gourm    .   (no shield)
rNeg     . . .     Faith    .   x - +1 robe of Bitterness {+Inv MR+ Dex+3}
rPois    .         Spirit   .   D - +0 hat
rElec    .         Reflect  .   (no cloak)
rCorr    .         Harm     .   F - +0 pair of gloves
MR       ++...                  k - +0 pair of boots
Stlth    ++++++++++             (no amulet)
Regen    0.3/turn               f - +3 ring of evasion
MPRegen  0.2/turn               A - +3 ring of evasion

@: wreathed by umbra
A: change form in water, swift swim, stealthy swim, claws 1, horns 1, large bone
plates 2, agile 1, blink, blurry vision 1
a: Blink, Shadow Step, Shadow Form, Renounce Religion, Evoke Invisibility


You were on level 6 of the Lair of Beasts.
You worshipped Dithmenos.
Dithmenos was exalted by your worship.
You were not hungry.

You visited 4 branches of the dungeon, and saw 21 of its levels.
You also visited: Bailey and Volcano.

You collected 1205 gold pieces.
You spent 142 gold pieces at shops.

Inventory:

Hand Weapons
 i - a +2 short sword of holy wrath
 J - a +2 short sword of electrocution
 T - a +0 short sword of distortion (weapon)
Armour
 k - a +0 pair of boots (worn)
 x - the +1 robe of Bitterness (worn) {+Inv MR+ Dex+3}
   (You bought it in a shop on level 5 of the Dungeon)

   It affects your dexterity (+3).
   It affects your resistance to hostile enchantments.
   It lets you turn invisible.
 D - a +0 hat (worn)
 F - a +0 pair of gloves (worn)
 K - the +1 ring mail of Vegoxt Maer {rN+}
   (You found it on level 8 of the Dungeon)

   It protects you from negative energy.
Jewellery
 f - a +3 ring of evasion (left hand)
 t - an uncursed ring of resist corrosion
 A - a +3 ring of evasion (right hand)
 B - an uncursed ring of flight
Wands
 u - a wand of lightning (10/15)
 y - a wand of iceblast (10/15)
 N - a wand of confusion (22/48)
 O - a wand of disintegration (15/24)
 P - a wand of acid (8/15)
 S - a wand of iceblast (9/15)
 W - a wand of paralysis (11/24)
 X - a wand of acid (9/15)
Scrolls
 d - 2 scrolls of amnesia
 e - 4 scrolls of fog
 g - 5 scrolls of blinking
 h - 2 scrolls of recharging
 j - 2 scrolls of magic mapping
 l - 7 scrolls of teleportation
 E - 6 scrolls of remove curse
 Q - 5 scrolls of enchant armour
 R - 3 scrolls of fear
 U - a scroll of silence {unknown}
 Y - a scroll of vulnerability {unknown}
 Z - a scroll of identify
Potions
 a - a potion of invisibility
 b - 2 potions of cancellation
 m - 7 potions of brilliance
 n - 2 potions of berserk rage {unknown}
 p - 5 potions of curing
 q - 4 potions of flight {unknown}
 s - a potion of mutation {unknown}
 v - 6 potions of might {unknown}
 z - 4 potions of haste
 C - 3 potions of degeneration {unknown}
 G - a potion of lignification {unknown}
 L - 5 potions of agility {unknown}
 M - a potion of heal wounds {unknown}
 V - 2 potions of resistance {unknown}
Books
 c - a book of Maledictions

   Spells                             Type                      Level
   a - Corona                         Hexes                        1
   b - Ensorcelled Hibernation        Hexes/Ice                    2
   c - Confuse                        Hexes                        3
   d - Tukima's Dance                 Hexes                        3
   e - Dazzling Spray                 Conjuration/Hexes            3
 H - a book of Power

   Spells                             Type                      Level
   a - Iskenderun's Battlesphere      Conjuration/Charms           5
   b - Venom Bolt                     Conjuration/Poison           5
   c - Bolt of Magma                  Conjuration/Fire/Earth       5
   d - Iron Shot                      Conjuration/Earth            6
   e - Orb of Destruction             Conjuration                  7
   f - Spellforged Servitor           Conjuration/Summoning        7
Comestibles
 o - 5 royal jellies
 r - 23 fruits
 w - 9 meat rations
 I - 9 bread rations


   Skills:
 + Level 6.6 Fighting
 + Level 11.1 Short Blades
 + Level 1.4 Armour
 + Level 9.0 Dodging
 + Level 16.3 Stealth
 + Level 9.0 Spellcasting
 + Level 2.6 Conjurations
 + Level 9.1 Hexes
 + Level 1.0 Translocations
 + Level 7.3 Ice Magic


You had 18 spell levels left.
You knew the following spells:

 Your Spells              Type           Power        Failure   Level  Hunger
b - Ensorcelled Hibernat  Hex/Ice        ####..       1%          2    None
c - Dazzling Spray        Conj/Hex       ####..       2%          3    #......
d - Confuse               Hex            #####...     1%          3    #......
e - Blink                 Tloc           N/A          10%         2    None
f - Tukima's Dance        Hex            #####...     1%          3    #......


Dungeon Overview and Level Annotations

Branches:
Dungeon (13/15)            Temple (1/1) D:5            Lair (6/6) D:10
 Shoals (1/4) Lair:3        Snake (0/4) Lair:4        Slime (0/5) Lair:5
    Orc (0/2) D:12
 Vaults: D:13-14

Altars:
Cheibriados
Dithmenos
Elyvilon
Fedhas
Kikubaaqudgha
Ru
Trog
Uskayaw
Vehumet
Yredelemnul

Shops:
D:5 [


Innate Abilities, Weirdness & Mutations

You revert to your normal form in water.
You are very nimble and swift while swimming.
You are very stealthy in the water. (Stealth+)
You have sharp fingernails.
You have a pair of small horns on your head.
You are mostly covered in large bone plates. (SH +6)
You are agile. (Dex +2)
You can translocate small distances at will.
Scrolls take you a little longer to read.


Message History

The spriggan rider hits the plant with a spear!
The spriggan rider hits you but does no damage.
The spriggan rider completely misses you.
The spriggan rider misses you.
Casting: Blink
Confirm with . or Enter, or press ? or * to list all spells.
You blink.
Okay, then.
The blink frog misses you. The spriggan rider misses you.
The blink frog completely misses you.
The spriggan rider completely misses you.
The blink frog hits you!
* * * LOW HITPOINT WARNING * * *
Casting: Blink
Confirm with . or Enter, or press ? or * to list all spells.
You blink.
The wolf barely misses you.
The spriggan rider hits you with a spear!
* * * LOW HITPOINT WARNING * * *
The spriggan rider hits you from afar with a spear!
You die...

##### #######.#.# ###..PP..#.###
#.#..@.P.....# #...hiF§.....###
##*####P..Pi#####....#######
**####.##.##...⌠.#...#...##.#.#..
*,.............Ph#§§§#...........
*,.....$.........#§§.#....§.%....
*,,.P..##.#.P.#'###'##....#...#..
,,,...###..P..#......#.......##..
,,,,,.........#.^....#...........


You could see 2 spriggan riders, a blink frog and 2 wolves.

Vanquished Creatures
  Harold (Lair:4)
  2 hydras
  2 two-headed ogres
  A death yak (Lair:4)
  Sonja (Lair:2)
  Nergalle (Lair:4)
  An ugly thing (D:12)
  A necromancer (Lair:6)
  5 black mambas
  2 elephants
  A merfolk siren (Lair:3)
  Joseph (D:7)
  A torpor snail (Lair:3)
  A molten gargoyle (Volcano)
  A gargoyle (D:11)
  5 spiny frogs
  3 centaur skeletons
  4 rime drakes
  6 komodo dragons
  3 polar bears (Lair:6)
  3 hornets
  2 trolls
  4 blink frogs (Lair:3)
  11 dream sheep
  11 hippogriffs
  Grinder (D:5)
  A shadow (D:9)
  Sigmund (D:5)
  5 wyverns
  4 spriggans
  3 fire bats (Lair:6)
  A fire elemental (Volcano)
  39 yaks
  3 basilisks
  2 hungry ghosts
  Eustachio (D:5)
  2 wargs
  A naga (Lair:4)
  An acid dragon (D:12)
  11 water moccasins
  5 porcupines
  Duvessa (D:5)
  4 black bears
  4 orc warriors
  4 ice beasts
  5 sky beasts
  6 ogres
  An eye of draining (D:12)
  21 wolves
  3 boggarts (Lair:6)
  13 centaurs
  12 crocodiles
  2 big kobolds
  8 bullfrogs
  Dowan (D:5)
  A scorpion (D:5)
  3 wights (D:11)
  5 howler monkeys
  An electric eel (Lair:4)
  A bullfrog zombie (D:8)
  7 crimson imps
  A centaur zombie (D:8)
  A quasit (D:12)
  6 jellies
  9 hounds
  5 orc priests
  11 orc wizards
  An iguana (D:4)
  2 polar bear simulacra (Lair:6)
  11 worker ants
  2 yak simulacra (Lair:6)
  2 wolf simulacra (Lair:6)
  A hound zombie (D:9)
  3 hound skeletons
  A howler monkey zombie (D:3)
  5 gnolls (Bailey)
  17 adders
  2 shadow imps
  5 oozes
  2 adder zombies
  2 adder skeletons
  3 worms
  3 dart slugs
  3 leopard geckos
  24 orcs
  5 bats
  8 giant cockroaches
  15 goblins
  15 hobgoblins
  15 jackals
  20 kobolds
  5 quokkas
  6 frilled lizards
  A jackal skeleton (D:4)
  A quokka skeleton (D:4)
  2 rats (D:2)
  3 river rat simulacra (Lair:6)
476 creatures vanquished.

Vanquished Creatures (others)
  2 elephants (Lair:5)
  A gargoyle (Volcano)
  A spiny frog (Lair:4)
  A komodo dragon (Lair:2)
  A dream sheep (Shoals:1)
  A fire elemental (Volcano)
  A yak (Lair:3)
  3 wolves
  A bullfrog (Lair:3)
  A rat (D:2)
  A river rat simulacrum (Lair:6)
  A bush (Lair:6)
  28 fungi
  13 plants
56 creatures vanquished.

Grand Total: 532 creatures vanquished

Notes
Turn   | Place    | Note
-------+----------+-------------------------------------------
     0 | D:1      | Kosschaser the Merfolk Enchanter began the quest for the Orb.
     0 | D:1      | Reached XP level 1. HP: 13/13 MP: 3/3
   118 | D:1      | Reached XP level 2. HP: 2/19 MP: 5/5
   541 | D:2      | Learned a level 2 spell: Ensorcelled Hibernation
   916 | D:1      | Reached XP level 3. HP: 24/24 MP: 6/6
  1661 | D:2      | Reached XP level 4. HP: 28/30 MP: 7/7
  1700 | D:2      | Reached skill level 4 in Stealth
  2543 | D:3      | Reached XP level 5. HP: 30/36 MP: 2/8
  2711 | D:3      | Learned a level 3 spell: Dazzling Spray
  2715 | D:3      | Learned a level 3 spell: Confuse
  3162 | D:4      | Reached skill level 1 in Fighting
  3513 | D:4      | Reached skill level 1 in Ice Magic
  3513 | D:4      | Reached XP level 6. HP: 27/43 MP: 0/10
  3779 | D:4      | Reached skill level 5 in Stealth
  3812 | D:4      | Found a snail-covered altar of Cheibriados.
  4361 | D:5      | Entered Level 5 of the Dungeon
  4361 | D:5      | Found Fono's Antique Armour Shoppe.
  4437 | D:5      | Reached skill level 1 in Armour
  4470 | D:5      | Bought a warped robe for 142 gold pieces
  4480 | D:5      | Identified the cursed +1 robe of Bitterness {+Inv MR+ Dex+3} (You bought it in a shop on level 5 of the Dungeon)
  4573 | D:5      | Noticed Duvessa
  4585 | D:5      | Noticed Dowan
  4590 | D:5      | Killed Duvessa
  4590 | D:5      | Reached skill level 6 in Stealth
  4590 | D:5      | Reached XP level 7. HP: 48/48 MP: 10/12
  4615 | D:5      | Killed Dowan
  4629 | D:5      | Found a staircase to the Ecumenical Temple.
  4634 | Temple   | Entered the Ecumenical Temple
  4659 | Temple   | Became a worshipper of Dithmenos the Shadowed
  4850 | D:5      | Noticed Grinder
  4854 | D:5      | Killed Grinder
  4854 | D:5      | Reached skill level 7 in Stealth
  4854 | D:5      | Reached XP level 8. HP: 55/55 MP: 13/13
  4869 | D:5      | Noticed Eustachio
  4875 | D:5      | Killed Eustachio
  4965 | D:5      | Reached skill level 5 in Short Blades
  5279 | D:5      | Reached skill level 8 in Stealth
  5290 | D:5      | Noticed Sigmund
  5293 | D:5      | Killed Sigmund
  5304 | D:5      | Noticed a wyvern
  5309 | D:5      | Killed a wyvern
  5778 | D:6      | Reached XP level 9. HP: 58/61 MP: 15/15
  5885 | D:6      | Reached skill level 9 in Stealth
  5885 | D:6      | Reached skill level 1 in Conjurations
  6053 | D:7      | Found a radiant altar of Vehumet.
  6130 | D:7      | Found a flagged portal.
  6148 | Bailey   | Entered a bailey
  6681 | D:7      | Reached * piety under Dithmenos
  6834 | D:7      | Found an ancient bone altar of Kikubaaqudgha.
  6863 | D:7      | Noticed Joseph
  6871 | D:7      | Killed Joseph
  7370 | D:7      | Reached skill level 5 in Hexes
  7481 | D:8      | Reached skill level 5 in Spellcasting
  7534 | D:8      | Got a jewelled ring mail
  7545 | D:8      | Identified the +1 ring mail of Vegoxt Maer {rN+} (You found it on level 8 of the Dungeon)
  7619 | D:8      | Gained mutation: You are agile. (Dex +2) [mutagenic meat]
  7620 | D:8      | Gained mutation: Scrolls take you a little longer to read. [mutagenic meat]
  7621 | D:8      | Gained mutation: You have a pair of small horns on your head. [mutagenic meat]
  7625 | D:8      | Gained mutation: You have sharp fingernails. [mutagenic meat]
  7626 | D:8      | Gained mutation: You are very agile. (Dex +4) [mutagenic meat]
  7766 | D:8      | Found a basalt altar of Yredelemnul.
  7766 | D:8      | Noticed a two-headed ogre
  7787 | D:8      | Reached XP level 10. HP: 70/70 MP: 10/17
  7820 | D:8      | Reached skill level 10 in Stealth
  8253 | D:8      | Reached ** piety under Dithmenos
  8877 | D:9      | Found a white marble altar of Elyvilon.
  8878 | D:9      | Noticed a two-headed ogre
  8896 | D:9      | Reached skill level 11 in Stealth
  8945 | D:9      | Killed a two-headed ogre
  8945 | D:9      | Reached skill level 5 in Dodging
  9257 | D:10     | Entered Level 10 of the Dungeon
  9261 | D:10     | Found a staircase to the Lair.
  9328 | D:10     | Killed a two-headed ogre
  9328 | D:10     | Reached XP level 11. HP: 57/77 MP: 17/20
  9616 | D:10     | Reached skill level 12 in Stealth
  9616 | D:10     | Reached skill level 5 in Ice Magic
  9629 | D:10     | Got a twisted dagger
  9630 | D:10     | Identified the +4 dagger of Execution {flame, rN+ Str+5 Dex+2} (You found it on level 10 of the Dungeon)
  9831 | D:10     | Gained mutation: Your magical capacity is low. (-10% MP) [mutagenic meat]
  9993 | D:11     | Reached *** piety under Dithmenos
 10436 | D:11     | Lost mutation: Your magical capacity is low. (-10% MP) [mutagenic meat]
 10437 | D:11     | Gained mutation: You can translocate small distances at will. [mutagenic meat]
 10439 | D:11     | Gained mutation: You are partially covered in large bone plates. (SH +4) [mutagenic meat]
 11448 | D:12     | Paralysed by a hornet for 2 turns
 11507 | D:12     | Learned a level 2 spell: Blink
 11516 | D:12     | Learned a level 3 spell: Tukima's Dance
 11571 | D:12     | Reached **** piety under Dithmenos
 11925 | D:12     | Found a staircase to the Orcish Mines.
 11984 | D:12     | Noticed a cyan ugly thing
 11989 | D:12     | Killed a cyan ugly thing
 11993 | D:12     | Gained mutation: You are mostly covered in large bone plates. (SH +6) [mutagenic meat]
 11994 | D:12     | Lost mutation: You are very agile. (Dex +4) [mutagenic meat]
 12025 | D:12     | Reached skill level 5 in Fighting
 12035 | D:12     | Reached skill level 13 in Stealth
 12045 | D:12     | Reached XP level 12. HP: 59/86 MP: 20/22
 12446 | D:13     | Noticed a tengu warrior
 12447 | D:13     | Noticed a tengu warrior
 12518 | Lair:1   | Entered Level 1 of the Lair of Beasts
 12604 | Lair:1   | Reached ***** piety under Dithmenos
 12877 | Lair:1   | Reached skill level 10 in Short Blades
 13227 | Lair:2   | Noticed Sonja
 13253 | Lair:2   | Killed Sonja
 13253 | Lair:2   | Reached skill level 14 in Stealth
 14231 | Lair:3   | Found a staircase to the Shoals.
 14241 | Lair:3   | Reached skill level 15 in Stealth
 14241 | Lair:3   | Reached XP level 13. HP: 80/93 MP: 24/24
 14758 | Lair:4   | Found a staircase to the Snake Pit.
 14801 | Lair:4   | Noticed Harold
 15804 | Lair:4   | Noticed Nergalle
 15811 | Lair:4   | Killed Nergalle
 16107 | Lair:4   | Killed Harold
 16785 | Shoals:1 | Entered Level 1 of the Shoals
 18226 | Lair:5   | Found a staircase to the Slime Pits.
 18516 | Lair:5   | Reached skill level 1 in Translocations
 18907 | Lair:6   | Entered Level 6 of the Lair of Beasts
 19001 | Lair:6   | Found a dark tunnel.
 19010 | Volcano  | Entered a volcano
 19133 | Volcano  | Reached ****** piety under Dithmenos
 19260 | Lair:6   | Reached skill level 16 in Stealth
 19397 | Lair:6   | Reached XP level 14. HP: 87/101 MP: 23/26
 20321 | Lair:6   | HP: 1/101 [spriggan rider/spear (15)]
 20321 | Lair:6   | Mangled by a spriggan rider

Skill      XL: |  1  2  3  4  5  6  7  8  9 10 11 12 13 14 |
---------------+-------------------------------------------+-----
Dodging        | 3 4 5 6 8 9 |  9.0
Short Blades   | 2 3 4 5 6 8 9 10 11 | 11.1
Stealth        | 4 6 7 8 9 11 13 15 16 | 16.3
Fighting       | 1 2 3 4 5 6 |  6.6
Spellcasting   | 3 4 5 6 7 8 9 |  9.0
Ice Magic      | 1 2 4 5 6 7 |  7.3
Armour         | 1 |  1.4
Hexes          | 4 5 6 7 8 9 |  9.1
Conjurations   | 1 2 |  2.6
Translocations | 1 |  1.0

Action                   |  1- 3 |  4- 6 |  7- 9 | 10-12 | 13-15 || total
-------------------------+-------+-------+-------+-------+-------++-------
Melee: Dagger            |    77 |       |       |   116 |       ||   193
       Short sword       |    46 |   178 |   209 |   403 |   453 ||  1289
       Headbutt          |       |       |     4 |   105 |    98 ||   207
       Tailslap          |       |       |     4 |       |     3 ||     7
 Cast: Ensorcelled Hiber |     9 |    32 |    48 |    74 |    54 ||   217
       Confuse           |       |     2 |     5 |    22 |    19 ||    48
       Dazzling Spray    |       |     2 |     8 |    25 |    26 ||    61
       Blink             |       |       |       |     2 |    15 ||    17
 Abil: Evoke Flight      |       |       |       |       |     1 ||     1
  Use: Potion            |       |     1 |       |       |       ||     1
       Scroll            |       |     8 |     2 |     4 |     9 ||    23
 Stab: Sleeping          |    13 |    27 |    39 |    97 |    59 ||   235
       Distracted        |       |     1 |     3 |    11 |    10 ||    25
       Confused          |       |     1 |     2 |    11 |     3 ||    17
       Invisible         |       |     2 |     3 |    10 |     6 ||    21
  Eat: Chunk             |     3 |    12 |    18 |    23 |    13 ||    69
       Bread ration      |       |       |       |     1 |       ||     1
       Meat ration       |       |       |       |     1 |     1 ||     2
Armor: Robe              |    11 |    16 |    11 |    28 |    26 ||    92
       Leather armour    |       |     9 |       |       |       ||     9
Dodge: Dodged            |   101 |   153 |   163 |   356 |   418 ||  1191
Block: Other             |       |       |       |    45 |   120 ||   165
